 Dungeon Crawl Stone Soup version 0.32-a0-913-g739538afd8 (webtiles) character file.

Game seed: 5732866997787190426

13118 bronco the Arsonist (level 11, -11/91 HPs)
             Began as a Mountain Dwarf Monk on Apr 9, 2024.
             Was an Elder of Vehumet.
             Mangled by Snorg (20 damage)
             ... on level 11 of the Dungeon.
             The game lasted 00:36:02 (12740 turns).

bronco the Arsonist (Mountain Dwarf Monk)          Turns: 12740, Time: 00:36:04

Health: -11/91     AC: 13    Str: 21    XL:     11   Next: 71%
Magic:  16/16      EV: 10    Int: 18    God:    Vehumet [****..]
Gold:   466        SH: 12    Dex: 18    Spells: 9/16 levels left

rFire   . . .        w - +2 war axe (vamp)
rCold   . . .        N - +0 kite shield
rNeg    . . .        o - +3 ring mail "Jeeskih" {^Contam *Corrode Str+6 Int+4}
rPois   .            t - +0 helmet
rElec   .            (no cloak)
rCorr   .            T - +0 pair of gloves
SInv    .            K - +0 pair of boots
Will    +....        v - amulet of the acrobat
Stlth   +            E - +6 ring of dexterity
HPRegen 0.35/turn    a - +4 ring of slaying
MPRegen 0.15/turn

%: corrode self (3%), acrobat
@: no status effects
A: runic magic, artefact enchanting
a: Renounce Religion


You were on level 11 of the Dungeon.
You worshipped Vehumet.
Vehumet was greatly pleased with you.
You visited 2 branches of the dungeon, and saw 12 of its levels.

You collected 466 gold pieces.

Inventory:

Hand Weapons
 i - a +7 double sword of chaos
 p - a +3 hand axe
 w - a +2 vampiric war axe (weapon)
 S - a +0 battleaxe
Missiles
 b - 59 poisoned darts
 e - 2 datura-tipped darts
 g - 4 silver javelins
 k - 164 stones
 r - 8 javelins
 B - 6 atropa-tipped darts
 C - 2 throwing nets
 G - 6 boomerangs
Armour
 o - the +3 ring mail "Jeeskih" (worn) {^Contam *Corrode Str+6 Int+4}
   (You took it off an orc on level 4 of the Dungeon)

   Str+6:     It affects your strength (+6).
   Int+4:     It affects your intelligence (+4).
   ^Contam:   It causes magical contamination when unequipped.
   *Corrode:  It may corrode you when you take damage.
 t - a +0 helmet (worn)
 F - an orb of energy
 K - a +0 pair of boots (worn)
 N - a +0 kite shield (worn)
 T - a +0 pair of gloves (worn)
Magical Staves
 h - a staff of death
 Q - the staff of the Dwarven Hall {Dex+4 Earth}
   (You found it on level 8 of the Dungeon)

   [staff of earth]

   Base accuracy: +5 Base damage: 5 Base attack delay: 1.2 This weapon's minimum
   attack delay (0.6) is reached at skill level 12.
   Dex+4:     It affects your dexterity (+4).
   Earth:     It increases the power of your Earth spells.
   It falls into the 'Staves' category.
   It is a one-handed weapon.
Jewellery
 a - a +4 ring of slaying (right hand)
 v - an amulet of the acrobat (around neck)
 E - a +6 ring of dexterity (left hand)
 J - a ring of ice
 R - a ring of flight
Wands
 d - a wand of polymorph (7)
 x - a wand of mindburst (3) (quivered)
 y - a wand of flame (48)
 V - a wand of warping (7)
Scrolls
 l - 2 scrolls of immolation
 s - 2 scrolls of teleportation
 u - a scroll of fear
 I - a scroll of poison
 L - 2 scrolls of blinking
 O - a scroll of enchant armour
Potions
 c - 2 potions of ambrosia
 f - 3 potions of might
 j - 4 potions of attraction
 m - 2 potions of haste
 n - 6 potions of curing
 q - a potion of mutation {unknown}
 z - a potion of berserk rage {unknown}
 A - a potion of lignification {unknown}
 D - a potion of brilliance {unknown}
 H - 2 potions of enlightenment
 M - 2 potions of resistance
 U - a potion of degeneration {unknown}


   Skills:
 - Level 6.7 Fighting
 - Level 8.6 Axes
 - Level 7.9 Armour
 - Level 2.2 Dodging
 - Level 10.4 Shields
 - Level 3.4 Spellcasting
 - Level 3.6 Conjurations
 - Level 4.0 Necromancy
 + Level 11.5 Fire Magic


You had 9 spell levels left.
You knew the following spells:

 Your Spells              Type           Power      Damage    Failure   Level
a - Magic Dart            Conj           64%        1d6       1%          1
b - Vampiric Draining     Necr           17%        2d7       19%         3
c - Inner Flame           Hex/Fire       23%        N/A       2%          3

Your spell library contained the following spells:

 Spells                   Type           Power      Damage    Failure   Level
 Shock                    Conj/Air       36%        1d5       4%          1
 Necrotise                Necr           68%        1d7       6%          1
 Ensorcelled Hibernation  Hex/Ice        6%         N/A       43%         2
 Jinxbite                 Hex            6%         N/A       43%         2
 Airstrike                Air            1%         2d(1-17)  58%         4
 Maxwell's Portable Pile  Tloc           3%         2d(5-14)  67%         3
 Passwall                 Erth           3%         N/A       67%         3
 Swiftness                Air            3%         N/A       67%         3
 Arcjolt                  Conj/Air       4%         1d14      67%         5
 Martyr's Knell           Necr/Summ      10%        N/A       80%         4
 Curse of Agony           Necr           17%        N/A       86%         5
 Yara's Violent Unravell  Hex/Alch       1%         3d3       88%         5
 Enfeeble                 Hex            1%         N/A       100%        7
 Malign Gateway           Summ/Tloc      1%         N/A       100%        7
 Maxwell's Capacitive Co  Air            1%         ∞         100%        8
 Summon Horrible Things   Summ           1%         N/A       100%        8


Dungeon Overview and Level Annotations

Branches:
Dungeon (11/15)            Temple (1/1) D:6            Lair (0/5) D:11
    Orc (0/2) D:9

Altars:
Ashenzari
Cheibriados
Dithmenos
Elyvilon
Fedhas
Gozag
Hepliaklqana
Kikubaaqudgha
Makhleb
Okawaru
Qazlal
Ru
Sif Muna
Trog
Uskayaw
Vehumet
Wu Jian
Yredelemnul
Zin
The Shining One
Beogh

Shops:
D:11 [

Annotations:
D:11 Snorg
Temple 2 transporters


Innate Abilities, Weirdness & Mutations

Your spellcasting is much less encumbered by armour.
You can use scrolls of enchantment on lesser artefacts.


Message History

Okay, then.
Aiming: Mindburst
Press: ? - help, Q - select action, (/) - cycle Shift-Dir - straight line, f/p - Snorg
Aim: Snorg (moderately wounded, very poisoned, slow, chance to affect: 29%) Snorg easily resists.
Unknown command.
Aiming: Mindburst
Press: ? - help, Q - select action, (/) - cycle Shift-Dir - straight line, f/p - Snorg
Aim: Snorg (moderately wounded, very poisoned, slow, chance to affect: 29%) Snorg easily resists.
Unknown command.
You slash Snorg!
Snorg is moderately wounded.
Snorg closely misses you. Snorg misses you. Snorg claws you.
You hit Snorg.
You feel better.
Snorg is moderately wounded.
You block Snorg's attack. Snorg barely misses you.
Snorg claws you but does no damage.
You slash Snorg!
You feel better.
Snorg is heavily wounded.
Snorg is no longer moving slowly.
Snorg completely misses you. You block Snorg's attack. x2
You slash Snorg!
Snorg is severely wounded.
Snorg goes berserk!
You slash Snorg!
You feel better.
Snorg is severely wounded.
You block Snorg's attack. x2; Snorg claws you!
Snorg bites you! You block Snorg's attack. Snorg claws you!
You hit Snorg.
Snorg is severely wounded.
You block Snorg's attack. Snorg claws you. x2
You slice Snorg!!
Snorg is almost dead.
You block Snorg's attack. Snorg claws you!
* * * LOW HITPOINT WARNING * * *
Snorg claws you!!
* * * LOW HITPOINT WARNING * * *
Snorg bites you!!
You die...

........#.......#....#
#.
........#.......#....#
#.
........#.......#....#
#.
.########.......######
#.
.#.........######....#
##
.#.........'...^#....#
.#....>....#....#....#
.'.........#....#....#
[#.........#....@....#
##.........######T...#
.....#####..............
.)...# #..............
.....# #........<.....
.....# #..............
.....# #..............
.....# #..............
###### #########


You could see Snorg (berserk, poisoned).

Vanquished Creatures
  3 cyclopes (D:11)
  A manticore (D:11)
  An unseen horror (D:10)
  A kobold demonologist (D:9)
  A komodo dragon (D:11)
  A troll (D:11)
  A culicivora (shapeshifter) (D:8)
  Sigmund (D:3)
  24 yaks
  2 shadows
  2 wraiths
  A vampire (D:10)
  3 vampire mosquitoes
  2 steam dragons
  Menkaure (D:7)
  Duvessa (D:7)
  3 black bears
  2 orc warriors
  2 sky beasts (D:6)
  2 ice beasts
  An ogre (D:6)
  2 centaurs
  A phantom (D:4)
  The ghost of dynoo the Covert, an amateur KoDe (D:4)
  12 kobold brigands
  4 gnoll sergeants
  A bullfrog (D:8)
  3 scorpions
  14 wights
  Dowan (D:7)
  12 killer bees
  6 howler monkeys
  2 jellies
  10 orc priests
  3 hounds
  3 bombardier beetles
  A gnoll bouda (D:7)
  Ijyb (D:4)
  Terence (D:3)
  An iguana (D:6)
  6 orc wizards
  10 adders
  19 gnolls
  A shadow imp (D:5)
  4 ufetubi
  2 dart slugs
  35 orcs
  5 bats
  6 endoplasms
  3 giant cockroaches
  8 goblins
  7 hobgoblins
  4 jackals
  4 quokkas
  6 ball pythons
  7 frilled lizards
  22 kobolds
  6 rats
290 creatures vanquished.

Notes
Turn   | Place    | Note
-------+----------+-------------------------------------------
     0 | D:1      | bronco the Mountain Dwarf Monk began the quest for the Orb.
     0 | D:1      | Reached XP level 1. HP: 19/19 MP: 1/1
   123 | D:1      | Reached XP level 2. HP: 26/26 MP: 2/2
   745 | D:2      | Reached skill level 5 in Axes
   745 | D:2      | Reached XP level 3. HP: 25/31 MP: 3/3
  1535 | D:3      | Noticed Sigmund
  1535 | D:3      | Noticed Terence
  1581 | D:3      | Reached XP level 4. HP: 38/38 MP: 4/4
  1708 | D:3      | Reached XP level 5. HP: 23/45 MP: 5/5
  1945 | D:3      | Killed Sigmund
  1946 | D:3      | Reached XP level 6. HP: 51/51 MP: 6/6
  2002 | D:3      | Killed Terence
  2156 | D:4      | Noticed Ijyb
  2163 | D:4      | Killed Ijyb
  2614 | D:4      | Reached skill level 5 in Fighting
  2614 | D:4      | Reached XP level 7. HP: 61/61 MP: 7/7
  2642 | D:4      | Found a runed translucent gate.
  2643 | D:4      | Found a runed translucent gate.
  2644 | D:4      | Found a runed translucent gate.
  2645 | D:4      | Noticed dynoo's ghost (amateur KoDe)
  2653 | D:4      | Identified the +3 ring mail "Jeeskih" {^Contam *Corrode
                  | Str+6 Int+4}
  3120 | D:4      | Found a roughly hewn altar of Beogh.
  3535 | D:4      | Killed dynoo's ghost
  3734 | D:5      | Entered Level 5 of the Dungeon
  3798 | D:5      | Found a white marble altar of Elyvilon.
  4282 | D:5      | Reached XP level 8. HP: 71/71 MP: 8/8
  4821 | D:6      | Reached skill level 5 in Armour
  5354 | D:6      | Found a staircase to the Ecumenical Temple.
  5370 | Temple   | Found a transporter.
  5370 | Temple   | Found a transporter.
  5370 | Temple   | Found a transporter.
  5370 | Temple   | Found a transporter.
  5370 | Temple   | Entered the Ecumenical Temple
  5388 | Temple   | Became a worshipper of Vehumet
  5388 | Temple   | Reached * piety under Vehumet
  5388 | Temple   | Offered knowledge of Magic Dart by Vehumet.
  5388 | Temple   | Reached ** piety under Vehumet
  5401 | Temple   | Learned a level 1 spell: Magic Dart
  5480 | D:6      | Offered knowledge of Freeze by Vehumet.
  5486 | D:6      | Reached skill level 1 in Spellcasting
  5486 | D:6      | Reached skill level 1 in Conjurations
  5663 | D:6      | Reached XP level 9. HP: 68/78 MP: 11/11
  5856 | D:7      | Noticed Duvessa
  5962 | D:7      | Noticed Dowan
  5963 | D:7      | Killed Duvessa
  5975 | D:7      | Killed Dowan
  6890 | D:7      | Reached skill level 1 in Necromancy
  7143 | D:7      | Offered knowledge of Searing Ray by Vehumet.
  7148 | D:7      | Learned a level 3 spell: Vampiric Draining
  7329 | D:7      | Noticed Menkaure
  7343 | D:7      | Killed Menkaure
  7641 | D:8      | Reached skill level 1 in Shields
  7721 | D:8      | Reached *** piety under Vehumet
  7900 | D:8      | Reached skill level 5 in Shields
  7922 | D:8      | Offered knowledge of Dazzling Flash by Vehumet.
  7975 | D:8      | Noticed a centaur warrior
  7977 | D:8      | Noticed a death knight
  8298 | D:8      | Reached XP level 10. HP: 55/84 MP: 15/15
  8490 | D:9      | Identified the +3 long sword "Ysis" {flame, *Slow Int+5}
  8583 | D:9      | Found a staircase to the Orcish Mines.
  8646 | D:10     | Entered Level 10 of the Dungeon
  8845 | D:10     | Reached **** piety under Vehumet
  9271 | D:9      | Reached skill level 10 in Shields
  9294 | D:9      | Reached skill level 1 in Fire Magic
  9434 | D:9      | Reached skill level 2 in Fire Magic
  9441 | D:9      | Reached skill level 3 in Fire Magic
  9457 | D:9      | Offered knowledge of Inner Flame by Vehumet.
  9497 | D:9      | Learned a level 3 spell: Inner Flame
  9592 | D:9      | Reached skill level 4 in Fire Magic
 10150 | D:9      | Reached skill level 5 in Fire Magic
 10311 | D:8      | Reached XP level 11. HP: 69/91 MP: 16/16
 10392 | D:8      | Identified the staff of the Dwarven Hall {Dex+4 Earth}
 10394 | D:8      | Identified the +7 orcbow of the Changing Gods {antimagic,
                  | rCorr Str+4 Int-4 Stlth+}
 10469 | D:10     | Noticed a tengu warrior
 10478 | D:10     | Noticed an orc knight
 10478 | D:10     | Noticed a deep elf knight
 10482 | D:10     | Noticed a tengu warrior
 10482 | D:10     | Noticed a deep elf knight
 10482 | D:10     | Noticed a tengu warrior
 10482 | D:10     | Noticed a phantasmal warrior
 10482 | D:10     | Noticed an ettin
 10482 | D:10     | Noticed a tengu warrior
 10482 | D:10     | Noticed a tengu warrior
 10482 | D:10     | Found the +5 Lochaber axe {reach-cleave, Poleaxe ^Drain}
 10658 | D:9      | Reached skill level 6 in Fire Magic
 11153 | D:10     | Reached skill level 7 in Fire Magic
 11373 | D:11     | Found a shadowy altar of Dithmenos.
 11413 | D:11     | Noticed Snorg
 11608 | D:11     | Reached skill level 8 in Fire Magic
 11696 | D:11     | Reached skill level 9 in Fire Magic
 11941 | D:11     | Found Igeob's Armour Shoppe.
 12069 | D:11     | Reached skill level 10 in Fire Magic
 12159 | D:11     | Reached skill level 11 in Fire Magic
 12668 | D:11     | Found a staircase to the Lair.
 12740 | D:11     | Mangled by Snorg

Illustrated notes

Levels and vault maps discovered:
D:1:      pf_arrival_petrified_forest, layout_rooms, serial_bayou_pond_e
D:2:      layout_loops_ring
D:3:      layout_rooms, uniq_sigmund, uniq_terence
D:4:      layout_loops_cross, biasface_ghost_orc_armoury,
          kennysheep_windowed_goal, uniq_ijyb
D:5:      layout_rooms, lemuel_tele_altar, lexackson_kobold_supper
D:6:      layout_basic, gammafunk_temple_overflow_pools,
          minmay_temple_entry_tees, minmay_misc_feat_secret_circle,
          supply_closet_lemuel
D:7:      layout_layer_cave, uniq_duvessa, uniq_menkaure
D:8:      layout_basic, minmay_diamond_spiral
D:9:      layout_long_grid, orc_0_dummy, special_room [special_room_kobold],
          chequers_serial_rivers_small_b, st_stairs_12
D:10:     layout_rooms, nicolae_guarded_unrand_lochaber
D:11:     layout_gridville, lair_entry_dummy, serial_shops,
          kennysheep_mini_moat, grunt_dithmenos_smoke, uniq_snorg
Temple:   hellmonk_temple_divided_pantheon

Skill      XL: |  1  2  3  4  5  6  7  8  9 10 11 |
---------------+----------------------------------+-----
Axes           | 4 5 7 8 |  8.6
Fighting       | 5 6 |  6.7
Armour         | 3 7 |  7.9
Spellcasting   | 1 3 |  3.4
Conjurations   | 1 3 |  3.6
Necromancy     | 4 |  4.0
Shields        | 6 10 | 10.4
Fire Magic     | 5 11 | 11.5
Dodging        | |  2.2

Action                     |  1- 3 |  4- 6 |  7- 9 | 10-12 || total
---------------------------+-------+-------+-------+-------++-------
  Melee: Hand axe          |   115 |       |       |       ||   115
         War axe           |     5 |    77 |   395 |   395 ||   872
  Throw: Stone             |       |     3 |       |       ||     3
         Dart              |       |     2 |    12 |     4 ||    18
         Javelin           |       |     3 |       |       ||     3
         Throwing net      |       |       |     1 |       ||     1
   Cast: Magic Dart        |       |       |    29 |    93 ||   122
         Vampiric Draining |       |       |     6 |     7 ||    13
  Evoke: Wand              |       |       |       |     7 ||     7
    Use: Scroll            |       |    11 |     9 |     9 ||    29
         Potion            |       |       |     6 |     1 ||     7
   Stab: Held in net/web   |       |       |     2 |       ||     2
 Armour: Robe              |    32 |       |       |       ||    32
         Chain mail        |    57 |    45 |    40 |       ||   142
         Ring mail         |       |       |   300 |   294 ||   594
  Dodge: Dodged            |    48 |    31 |   288 |   148 ||   515
  Block: Kite shield       |       |       |    57 |   297 ||   354

Table legend: (Time is in decaauts)
 A = Elapsed time spent in this place.
 B = Non-inter-level travel time spent in this place.
 C = Inter-level travel time spent in this place.
 D = Time resting spent in this place.
 E = Time spent auto-exploring this place.
 F = Levels seen in this place.
 G = Mean time per level.
                   A        B        C        D        E       F      G
               +--------+--------+--------+--------+--------+-----+--------+
         Total |  12865 |  12246 |    619 |   2235 |   7011 |  12 | 1072.1 |
       Dungeon |  12827 |  12208 |    619 |   2235 |   7011 |  11 | 1166.1 |
        Temple |     38 |     38 |      0 |      0 |      0 |   1 |   38.0 |
               +--------+--------+--------+--------+--------+-----+--------+

Top non-repeatable levels by time:
     D:7: 2008 daAuts
     D:4: 1853 daAuts
    D:11: 1550 daAuts
     D:9: 1546 daAuts
    D:10: 1086 daAuts
     D:8: 1030 daAuts
     D:2: 879 daAuts
     D:6: 833 daAuts
     D:5: 761 daAuts
     D:1: 696 daAuts
     D:3: 580 daAuts
  Temple: 38 daAuts
